 Dungeon Crawl Stone Soup version 0.28-a0-655-g4eb62b627b (webtiles) character file.

Game seed: 11383601571821308871

2082 freelancePsychic the Carver (level 9, -1/82 HPs)
             Began as a Minotaur Fighter on Oct 13, 2021.
             Was a Follower of Cheibriados.
             Killed from afar by Joseph (33 damage)
             ... with a bolt of acid
             ... on level 7 of the Dungeon.
             The game lasted 00:09:08 (7054 turns).

freelancePsychic the Carver (Minotaur Fighter)      Turns: 7054, Time: 00:09:09

Health: -1/82      AC: 14    Str: 24    XL:     9   Next: 6%
Magic:  0/8        EV:  6    Int:  8    God:    Cheibriados [*.....]
Gold:   236        SH:  6    Dex: 16    Spells: 8/8 levels left

rFire   . . .      SeeInvis .   a - +0 long sword
rCold   . . .      Faith    .   c - +1 buckler
rNeg    . . .      Spirit   +   B - +0 plate armour
rPois   .          Reflect  .   (helmet restricted)
rElec   .          Harm     .   q - +2 cloak
rCorr   .          Rampage  .   v - +3 pair of gauntlets of War {Slay+5}
Will    .....                   (no boots)
Stlth   ..........              m - amulet of guardian spirit
HPRegen 0.23/turn               (no ring)
MPRegen 0.11/turn               (no ring)

@: corroded, very slow
A: horns 2, retaliatory headbutt
a: Renounce Religion, Bend Time


You were on level 7 of the Dungeon.
You worshipped Cheibriados.
Cheibriados was aware of your devotion.
You visited 2 branches of the dungeon, and saw 8 of its levels.
You also visited: Sewer.

You collected 256 gold pieces.
You spent 20 gold pieces at shops.

Inventory:

Hand Weapons
 a - a +0 long sword (weapon)
Missiles
 f - 11 boomerangs
 j - 19 poisoned darts (quivered)
Armour
 b - a +0 scale mail
 c - a +1 buckler (worn)
 q - a +2 cloak (worn)
 v - the +3 pair of gauntlets of War (worn) {Slay+5}
   (You acquired it on level 5 of the Dungeon)

   Slay:      It affects your accuracy & damage with ranged weapons and melee
   (+5).
 z - a +0 chain mail
 B - a +0 plate armour (worn)
Jewellery
 m - an amulet of guardian spirit (around neck)
 n - a ring of flight
Wands
 k - a wand of digging (3)
 y - a wand of flame (20)
Scrolls
 l - a scroll of identify {@r1}
 u - a scroll of immolation
 w - a scroll of fear
 A - a scroll of teleportation {@r4}
Potions
 d - 3 potions of might
 e - a potion of heal wounds {@q2}
 g - 7 potions of haste {@q3}
 h - a potion of attraction
 i - 3 potions of mutation {unknown}
 o - 2 potions of degeneration {unknown}
 p - a potion of flight {unknown}
 r - 2 potions of magic {unknown}
 s - a potion of brilliance {unknown}
 t - a potion of resistance {unknown}
 x - a potion of lignification {unknown}
 C - a potion of invisibility {unknown}


   Skills:
 + Level 8.4 Fighting
 * Level 10.9 Long Blades
 - Level 4.4 Throwing
 - Level 3.6 Armour
 - Level 4.0 Shields


You had 8 spell levels left.
You didn't know any spells.
Your spell library contained the following spells:

 Spells                   Type           Power      Damage    Failure   Level
 Beastly Appendage        Tmut           0%         N/A       100%        1
 Passwall                 Tmut/Erth      0%         N/A       100%        2
 Wereblood                Tmut           0%         N/A       100%        2
 Dazzling Flash           Conj/Hex       0%         N/A       100%        3
 Spider Form              Tmut/Pois      0%         N/A       100%        3
 Swiftness                Air            0%         N/A       100%        3
 Iskenderun's Mystic Bla  Conj/Tloc      0%         2d3       100%        4
 Agony                    Necr           0%         N/A       100%        5
 Silence                  Hex/Air        0%         N/A       100%        5
 Invisibility             Hex            0%         N/A       100%        6
 Starburst                Conj/Fire      0%         6d3       100%        6


Dungeon Overview and Level Annotations

Branches:
Dungeon (7/15)             Temple (1/1) D:6           Sewer (visited)

Altars:
Ashenzari
Cheibriados
Dithmenos
Elyvilon
Fedhas
Hepliaklqana
Kikubaaqudgha
Okawaru
Qazlal
Ru
Sif Muna
Trog
Uskayaw
Vehumet
Wu Jian
Xom
Yredelemnul
Zin
The Shining One

Shops:
D:1 *

Annotations:
D:7 Joseph


Innate Abilities, Weirdness & Mutations

You have a pair of horns on your head.
You reflexively headbutt those who attack you in melee.


Message History

Joseph shoots a sling bullet.
The sling bullet barely misses you.
You throw a poisoned dart. The poisoned dart hits Joseph.
Joseph looks even sicker.
You throw a poisoned dart. The poisoned dart barely misses Joseph.
You throw a poisoned dart. The poisoned dart barely misses Joseph.
Joseph shoots a sling bullet.
The sling bullet hits you!
You throw a poisoned dart. The poisoned dart hits Joseph!
Joseph looks as sick as possible!
Joseph is lightly wounded.
Joseph shoots a sling bullet.
You block the sling bullet.
Joseph shoots a sling bullet.
You block the sling bullet.
Joseph shoots a sling bullet.
The sling bullet hits you!
You see here 28 arrows.
You start resting.
Joseph is nearby!
You are too injured to fight recklessly!
Joseph unwields a +0 hunting sling.
Joseph wields a +0 quarterstaff.
Joseph hits you with a +0 quarterstaff!
Joseph zaps a wand.
The bolt of acid hits you! The acid corrodes you!
You hit Joseph. You headbutt Joseph!
Joseph is severely wounded.
You closely miss Joseph. You headbutt Joseph!
Joseph is severely wounded.
Joseph drinks a potion.
Joseph is healed!
You slash Joseph! You headbutt Joseph.
Joseph is heavily wounded.
Joseph barely misses you.
You closely miss Joseph. You headbutt Joseph, but do no damage.
Joseph is heavily wounded.
You block Joseph's attack.
Unknown command.
You hit Joseph. You headbutt Joseph!
Joseph is severely wounded.
Joseph hits you with a +0 quarterstaff!
You slash Joseph!
Joseph is almost dead.
Joseph zaps a wand.
The bolt of acid hits you!!!
You die...

## ### #.## #### #(##
#.#.# #..# ##@##.##.#
##.## #@..###.### ###..#
........#..#.#..###..#..
(@##.#####..####...####.
# #...# ##.## #. #
#....# ##.# ## #
#..##..# #.## # ### #..#
..# ##.#### .. #..# #..
#.)##.


You could see Joseph (very poisoned).

Vanquished Creatures
  Grinder (D:4)
  A steam dragon (D:7)
  Menkaure (D:4)
  Edmund (D:4)
  An ice beast (D:6)
  2 sky beasts
  2 ogres (D:6)
  A kobold brigand (Sewer)
  2 scorpions
  3 wyvern zombies (D:6)
  A water moccasin skeleton (D:5)
  A centaur zombie (D:5)
  An orc priest (D:6)
  2 bullfrog skeletons
  3 hounds
  2 iguanas
  2 orc wizards
  A hound skeleton (D:4)
  Robin (D:4)
  3 gnolls (D:6)
  A howler monkey skeleton (D:4)
  11 adders
  A shadow imp (D:7)
  2 white imps
  An ufetubus (D:4)
  2 adder skeletons
  A worm (D:4)
  A dart slug (D:4)
  22 orcs
  7 ball pythons
  9 bats
  5 endoplasms
  5 giant cockroaches
  9 hobgoblins
  4 jackals (D:3)
  19 kobolds
  3 quokkas
  2 frilled lizards (D:1)
  15 goblins
  9 rats
161 creatures vanquished.

Notes
Turn   | Place    | Note
-------+----------+-------------------------------------------
     0 | D:1      | freelancePsychic the Minotaur Fighter began the quest for
                  | the Orb.
     0 | D:1      | Reached XP level 1. HP: 19/19 MP: 0/0
   299 | D:1      | Reached skill level 3 in Long Blades
   299 | D:1      | Reached XP level 2. HP: 27/27 MP: 1/1
   436 | D:1      | Found a faded altar of an unknown god.
   628 | D:1      | Found Qaza's Assorted Antiques.
   668 | D:1      | Reached XP level 3. HP: 33/33 MP: 2/2
   682 | D:1      | Bought a scroll labelled APSI XOTZOXI for 20 gold pieces
  1117 | D:2      | Reached skill level 4 in Long Blades
  1195 | D:2      | Reached XP level 4. HP: 41/41 MP: 3/3
  1466 | D:2      | You fall into a shaft and drop 1 floor!
  2405 | D:4      | Noticed Robin
  2414 | D:4      | Killed Robin
  2415 | D:4      | Reached skill level 5 in Long Blades
  2429 | D:4      | Reached XP level 5. HP: 32/47 MP: 4/4
  2703 | D:4      | Noticed Grinder
  2707 | D:4      | Noticed Menkaure
  2712 | D:4      | Killed Menkaure
  2713 | D:4      | Reached skill level 5 in Fighting
  2713 | D:4      | Reached skill level 1 in Throwing
  2716 | D:4      | Reached XP level 6. HP: 19/56 MP: 1/5
  2723 | D:4      | Reached skill level 6 in Long Blades
  3071 | D:4      | Noticed Edmund
  3082 | D:4      | Killed Edmund
  3307 | D:4      | Killed Grinder
  3308 | D:4      | Reached skill level 7 in Long Blades
  3308 | D:4      | Reached XP level 7. HP: 56/63 MP: 6/6
  3646 | D:5      | Entered Level 5 of the Dungeon
  3714 | D:5      | Found a glowing drain.
  3745 | Sewer    | Entered a sewer
  4115 | Sewer    | Reached skill level 8 in Long Blades
  4499 | D:5      | Reached XP level 8. HP: 71/71 MP: 7/7
  4562 | D:5      | Identified a scroll of acquirement
  4562 | D:5      | Acquired the +3 pair of gauntlets of War {Slay+5}
  4562 | D:5      | Found the +3 pair of gauntlets of War {Slay+5}
  4964 | D:5      | Found a snail-covered altar of Cheibriados.
  4971 | D:5      | Became a worshipper of Cheibriados the Contemplative
  5063 | D:6      | Reached skill level 9 in Long Blades
  5597 | D:6      | Found a staircase to the Ecumenical Temple.
  5604 | Temple   | Entered the Ecumenical Temple
  5807 | D:6      | Reached * piety under Cheibriados
  5808 | D:6      | Reached skill level 10 in Long Blades
  6635 | D:7      | Reached XP level 9. HP: 61/82 MP: 5/8
  7035 | D:7      | Noticed Joseph
  7054 | D:7      | Killed from afar by Joseph

Illustrated notes

Levels and vault maps discovered:
D:1:      beargit_arrival_greenhouse, layout_loops_ring, serial_shops,
          shop_fountains, shapermc_ecumenical_altar_notcrosses,
          chequers_serial_rivers_room_a
D:2:      layout_rooms, basic_altar, minmay_puff, uniq_crazy_yiuf_cottage,
          uniq_jessica, uniq_sigmund
D:3:      layout_basic
D:4:      layout_loops_cross, chequers_serial_rivers_room_a,
          kennysheep_generic_room_6, uniq_edmund, uniq_robin, uniq_menkaure,
          uniq_grinder
D:5:      layout_cave_pods, cheibriados_altar_1, gup_sewer_entry_glass,
          minmay_misc_feat_rugged
D:6:      layout_basic, minmay_temple_entry_tees, grunt_ministairs_8
D:7:      layout_layer_cave, hangedman_abyss_or_decor_lesser_grid, uniq_maggie,
          uniq_joseph
Temple:   nicolae_temple_no_exploring_needed

Skill      XL: |  1  2  3  4  5  6  7  8 |
---------------+-------------------------+-----
Long Blades    | 3 4 5 7 8 10 | 10.9
Fighting       | 4 5 6 8 |  8.4
Shields        | 4 |  4.0
Throwing       | 1 3 4 |  4.4
Armour         | |  3.6

Action                   |  1- 3 |  4- 6 |  7- 9 || total
-------------------------+-------+-------+-------++-------
Melee: Long sword        |    64 |   102 |   209 ||   375
       Headbutt          |     3 |    14 |    48 ||    65
Throw: Dart              |       |     4 |    22 ||    26
  Use: Scroll            |     3 |     4 |     5 ||    12
       Potion            |       |     1 |       ||     1
Armor: Scale mail        |    33 |    45 |    98 ||   176
       Chain mail        |       |       |    35 ||    35
       Plate armour      |       |       |     2 ||     2
Dodge: Dodged            |    29 |    50 |    83 ||   162
Block: Buckler           |    16 |    23 |    61 ||   100

Table legend: (Time is in decaauts)
 A = Elapsed time spent in this place.
 B = Non-inter-level travel time spent in this place.
 C = Inter-level travel time spent in this place.
 D = Time resting spent in this place.
 E = Time spent auto-exploring this place.
 F = Levels seen in this place.
 G = Mean time per level.
                   A        B        C        D        E       F      G
               +--------+--------+--------+--------+--------+-----+--------+
         Total |   7516 |   7286 |    230 |    178 |   6011 |   9 |  835.1 |
       Dungeon |   6864 |   6634 |    230 |      4 |   5655 |   7 |  980.6 |
        Temple |    181 |    181 |      0 |    174 |      0 |   1 |  181.0 |
         Sewer |    470 |    470 |      0 |      0 |    355 |   1 |  470.0 |
               +--------+--------+--------+--------+--------+-----+--------+

Top non-repeatable levels by time:
     D:6: 1420 daAuts
     D:4: 1280 daAuts
     D:1: 1120 daAuts
     D:5: 956 daAuts
     D:3: 910 daAuts
     D:7: 811 daAuts
   Sewer: 470 daAuts
     D:2: 365 daAuts
  Temple: 181 daAuts
